 Dungeon Crawl Stone Soup version 0.25-a0-413-g3b4b6a4ccc (webtiles) character file.

Game seed: 15228918291158030695, levelgen mode: deterministic

812 Araneus the Grappler (level 7, -2/66 HPs)
             Began as a Troll Monk on Jan 16, 2020.
             Slain by an orc
             ... wielding a +0 whip
              (3 damage)
             ... on level 5 of the Dungeon.
             The game lasted 00:13:04 (3646 turns).

Araneus the Grappler (Troll Monk)                   Turns: 3646, Time: 00:13:08

Health: -2/66      AC:  6    Str: 22    XL:     7   Next: 61%
Magic:  6/6        EV: 10    Int: 11    God:
Gold:   184        SH:  0    Dex: 12    Spells: 6/6 levels left

rFire    . . .     SeeInvis .     - Unarmed
rCold    . . .     Gourm    +   (no shield)
rNeg     . . .     Faith    .   C - +0 robe (curse)
rPois    .         Spirit   .   (helmet restricted)
rElec    .         Reflect  .   (no cloak)
rCorr    .         Harm     .   (gloves unavailable)
MR       .....                  (boots unavailable)
Stlth    ++........             (no amulet)
HPRegen  0.61/turn              (no ring)
MPRegen  0.10/turn              (no ring)

@: brilliant, flying
A: large, unfitting armour, claws 3, fast metabolism 3, gourmand, regeneration
1, shaggy fur 1, tough skin 3
a: no special abilities


You were on level 5 of the Dungeon.
You were completely stuffed.

You visited 1 branch of the dungeon, and saw 5 of its levels.

You collected 184 gold pieces.

Inventory:

Hand Weapons
 y - a +1 morningstar
Missiles
 g - a throwing net
 i - 40 stones (quivered)
Armour
 a - a +1 robe
 C - a cursed +0 robe (worn)
Jewellery
 x - a +2 amulet of reflection {unknown}
 z - an uncursed amulet of guardian spirit {unknown}
 A - an uncursed amulet of rage {unknown}
Wands
 q - a wand of flame (17)
Scrolls
 c - a scroll of enchant armour
 h - a scroll of teleportation
 k - a scroll of enchant weapon
 l - a scroll of blinking
 s - a scroll of remove curse {unknown}
 t - a scroll of amnesia
Potions
 d - a potion of curing {unknown}
 e - a potion of cancellation {unknown}
 f - a potion of brilliance
 j - a potion of haste {unknown}
 m - a potion of flight
 n - a potion of magic {unknown}
 o - a potion of mutation {unknown}
 p - a potion of resistance {unknown}
 r - a potion of heal wounds {unknown}
 v - a potion of invisibility {unknown}
 w - a potion of lignification {unknown}
Comestibles
 b - 11 rations
 u - 4 chunks of flesh


   Skills:
 + Level 2.5 Fighting
 + Level 2.7 Dodging
 - Level 1.0 Stealth
 + Level 9.0 Unarmed Combat


You had 6 spell levels left.
You didn't know any spells.
Your spell library contained the following spells:

 Spells                   Type           Power        Failure   Level  Hunger
 Confusing Touch          Hex            #.......     12%         3    ####...
 Gell's Gravitas          Tloc           #.........   12%         3    ####...
 Petrify                  Tmut/Erth      #.......     32%         4    #####..
 Metabolic Englaciation   Hex/Ice        #.........   63%         5    ######.
 Yara's Violent Unravell  Hex/Tmut       #.........   63%         5    ######.


Dungeon Overview and Level Annotations

Branches:
Dungeon (5/15)
 Temple: D:4-7

Altars:
Gozag
Makhleb
Nemelex Xobeh
Okawaru
Ru
The Shining One


Innate Abilities, Weirdness & Mutations

You are too large for most types of armour.
You have claws for hands.
Your metabolism is lightning-fast.
You like to eat raw meat.
Your natural rate of healing is unusually fast.
You are covered in fur. (AC +1)
You have extremely tough skin. (AC +3)


Message History

* * * LOW HITPOINT WARNING * * *
The orc completely misses you.
You closely miss the orc. The orc closely misses you. Something hits you.
* * * LOW HITPOINT WARNING * * *
Something shocks you.
* * * LOW HITPOINT WARNING * * *
The orc hits you with a +0 whip.
* * * LOW HITPOINT WARNING * * *
It was a potion of brilliance.
You feel clever all of a sudden. The orc barely misses you.
Something hits you but does no damage. The orc hits you but does no damage.
It was a potion of flight.
You feel very buoyant.
You fly up into the air.
Something hits you.
* * * LOW HITPOINT WARNING * * *
Something shocks you.
* * * LOW HITPOINT WARNING * * *
The orc hits you with a +0 whip.
You die...

###. ########.
#........######...###.
#........#....#....#..
###........#....#....#..
...........#....'....'..
...........######'######
#...........<.........
#....oo.............^.
#...{@................
#...))................
#..........>..........
#.....................
.....##+##.....#########
..... #.....# ....
#.....+ .... #.....# ...
#.....#


You could see 2 orcs.

Vanquished Creatures
  A water moccasin (D:3)
  A phantom (D:4)
  A hornet zombie (D:3)
  An ogre (D:4)
  2 crimson imps
  2 orc wizards (D:5)
  A worker ant (D:5)
  10 adders
  7 gnolls
  3 oozes
  3 worms
  3 dart slugs
  2 leopard geckos
  14 orcs
  3 ball pythons (D:2)
  3 giant cockroaches
  10 goblins
  10 hobgoblins
  4 jackals (D:3)
  6 kobolds
  4 quokkas
  6 bats
  3 frilled lizards
  A leopard gecko skeleton (D:5)
  8 rats
109 creatures vanquished.

Notes
Turn   | Place    | Note
-------+----------+-------------------------------------------
     0 | D:1      | Araneus the Troll Monk began the quest for the Orb.
     0 | D:1      | Reached XP level 1. HP: 22/22 MP: 0/0
   234 | D:1      | Reached XP level 2. HP: 29/29 MP: 1/1
   831 | D:1      | Reached skill level 4 in Unarmed Combat
   983 | D:2      | Found a sacrificial altar of Ru.
  1054 | D:2      | Reached XP level 3. HP: 36/36 MP: 2/2
  1063 | D:2      | Found a glowing golden altar of the Shining One.
  1074 | D:2      | Found an iron altar of Okawaru.
  1091 | D:2      | Found a sparkling altar of Nemelex Xobeh.
  1209 | D:2      | Reached skill level 5 in Unarmed Combat
  1209 | D:2      | Reached XP level 4. HP: 28/44 MP: 3/3
  2180 | D:2      | Reached XP level 5. HP: 50/50 MP: 4/4
  2437 | D:3      | Reached skill level 6 in Unarmed Combat
  2506 | D:3      | Noticed a water moccasin
  2507 | D:3      | Found an opulent altar of Gozag.
  2511 | D:3      | Killed a water moccasin
  2511 | D:3      | Reached skill level 7 in Unarmed Combat
  2511 | D:3      | Reached XP level 6. HP: 54/59 MP: 5/5
  3052 | D:4      | Reached skill level 8 in Unarmed Combat
  3052 | D:4      | Reached XP level 7. HP: 52/66 MP: 6/6
  3347 | D:4      | Found a burning altar of Makhleb.
  3460 | D:5      | Entered Level 5 of the Dungeon
  3632 | D:5      | Reached skill level 9 in Unarmed Combat
  3646 | D:5      | HP: 1/66 [something (6)]
  3646 | D:5      | Slain by an orc

Levels and vault maps discovered:
D:1:      minmay_arrival_plants_in_alcoves, layout_basic
D:2:      cheibrodos_helix_gallery, layout_basic,
          nicolae_overflow_quartered_altars, minmay_shallow_snake_nest
D:3:      layout_rooms, old_standard_altar, first_ration, corexii_shack,
          palyth_stone_intersect, serial_bayou_ford_a
D:4:      layout_rooms, makhleb_grotto_becter
D:5:      layout_gridville, minmay_temple_entry_nine_rooms,
          chequers_serial_rivers_large_b

Skill      XL: |  1  2  3  4  5  6  7 |
---------------+----------------------+-----
Unarmed Combat | 4 5 7 8 9 |  9.0
Fighting       | |  2.5
Dodging        | |  2.7
Stealth        | |  1.0

Action                   |  1- 3 |  4- 6 |  7- 9 || total
-------------------------+-------+-------+-------++-------
Melee: Unarmed           |    93 |   132 |    63 ||   288
       Punch             |       |     3 |     1 ||     4
Throw: Throwing net      |       |     1 |       ||     1
  Use: Scroll            |       |       |     8 ||     8
       Potion            |       |       |     2 ||     2
 Stab: Sleeping          |     3 |     3 |     1 ||     7
  Eat: Chunk             |    16 |    17 |     6 ||    39
Armor: Robe              |    26 |    36 |    19 ||    81
Dodge: Dodged            |    35 |    64 |    18 ||   117

Table legend:
 A = Non-vault XP
 B = Vault XP
 C = Vault XP percentage of total XP
 D = Non-vault monster count
 E = Vault monster count
 F = Vault count percentage of total count
                 A         B        C        D         E       F
            +---------+---------+-------+---------+---------+-------
      Total |    1091 |      70 |   6.0 |     101 |       8 |   7.3
            +---------+---------+-------+---------+---------+-------
        D:1 |      31 |       0 |   0.0 |      18 |       0 |   0.0
        D:2 |     148 |      21 |  12.4 |      32 |       6 |  15.8
        D:3 |     414 |       3 |   0.7 |      28 |       1 |   3.4
        D:4 |     307 |      46 |  13.0 |      13 |       1 |   7.1
        D:5 |     191 |       0 |   0.0 |      10 |       0 |   0.0
            +---------+---------+-------+---------+---------+-------
